 Dungeon Crawl Stone Soup version 0.26-a0-739-gf55cbd344a (webtiles) character file.

Game seed: 5428731914830929487

7890 robertstho the Thaumaturge (level 11, -9/81 HPs)
             Began as a Gnoll Fire Elementalist on Nov 5, 2020.
             Was an Elder of Sif Muna.
             Mangled by a large abomination (23 damage)
             ... on level 1 of the Abyss.
             The game lasted 00:33:16 (13263 turns).

robertstho the Thaumaturge (GnFE)                  Turns: 13263, Time: 00:33:17

Health: -9/81      AC:  7    Str:  9 (11) XL:     11   Next: 22%
Magic:  16/23      EV: 21    Int: 18 (21) God:    Sif Muna [****..]
Gold:   604        SH:  0    Dex: 14 (15) Spells: 10/26 levels left

rFire    . . .     SeeInvis .   A - +3 whip (elec)
rCold    + . .     Faith    .   (no shield)
rNeg     . . .     Spirit   .   a - +0 robe
rPois    .         Reflect  .   o - +2 helmet
rElec    .         Harm     .   t - +0 cloak
rCorr    .         Rampage  .   (no gloves)
MR       .....                  (no boots)
Stlth    ++++......             (no amulet)
HPRegen  0.23/turn              J - ring of protection from cold
MPRegen  0.18/turn              v - +4 ring of evasion (curse)

@: frozen ramparts
A: distributed training, fangs 1, strong nose
a: Channel Magic, Forget Spell, Divine Exegesis, Renounce Religion


You were on level 1 of the Abyss.
You worshipped Sif Muna.
Sif Muna was greatly pleased with you.
You visited 2 branches of the dungeon, and saw 11 of its levels.
You visited the Abyss 1 time.

You collected 604 gold pieces.

Inventory:

Hand Weapons
 d - a +2 short sword of protection
 p - a +1 hand axe of freezing
 A - a +3 whip of electrocution (weapon)
Missiles
 y - 6 curare-tipped darts (quivered)
Armour
 a - a +0 robe (worn)
 o - a +2 helmet (worn)
 t - a +0 cloak (worn)
Magical Staves
 c - an uncursed staff of conjuration
Jewellery
 k - an uncursed ring of fire
 v - a cursed +4 ring of evasion (right hand)
 J - a ring of protection from cold (left hand)
Wands
 F - a wand of enslavement (8)
Scrolls
 f - a scroll of magic mapping
 g - 6 scrolls of remove curse
 h - 10 scrolls of teleportation
 i - 4 scrolls of enchant weapon
 j - 3 scrolls of amnesia
 s - a scroll of random uselessness {unknown}
 u - 2 scrolls of fog {unknown}
 x - a scroll of fear {unknown}
 z - a scroll of vulnerability {unknown}
Potions
 b - 2 potions of lignification
 l - a potion of flight
 m - 2 potions of brilliance
 q - a potion of degeneration
 r - a potion of magic
 w - 2 potions of cancellation
 B - a potion of resistance {unknown}
 C - a potion of ambrosia
 D - a potion of berserk rage
 E - a potion of attraction {unknown}
 H - a potion of haste
Miscellaneous
 G - a phantom mirror


   Skills:
 + Level 6.1 Fighting
 + Level 6.1 Short Blades
 + Level 6.1 Long Blades
 + Level 6.1 Axes
 + Level 6.1 Maces & Flails
 + Level 6.1 Polearms
 + Level 6.1 Staves
 + Level 6.1 Slings
 + Level 6.1 Bows
 + Level 6.1 Crossbows
 + Level 6.1 Throwing
 + Level 6.1 Armour
 + Level 7.7 Dodging
 + Level 7.4 Stealth
 + Level 6.1 Shields
 + Level 6.1 Unarmed Combat
 + Level 8.0 Spellcasting
 + Level 5.5 Conjurations
 + Level 5.0 Hexes
 + Level 5.0 Summonings
 + Level 5.0 Necromancy
 + Level 5.0 Translocations
 + Level 5.0 Transmutations
 + Level 7.5 Fire Magic
 + Level 5.0 Ice Magic
 + Level 5.0 Air Magic
 + Level 5.0 Earth Magic
 + Level 5.0 Poison Magic
 + Level 6.7 Invocations
 + Level 6.1 Evocations


You had 10 spell levels left.
You knew the following spells:

 Your Spells              Type           Power        Failure   Level
a - Foxfire               Conj/Fire      ####         1%          1
b - Conjure Flame         Conj/Fire      ####....     1%          3
c - Sticky Flame          Conj/Fire      ####....     7%          4
d - Fireball              Conj/Fire      ####......   19%         5
e - Frozen Ramparts       Ice            ####..       3%          3

Your spell library contained the following spells:

 Spells                   Type           Power        Failure   Level
 Freeze                   Ice            ####         1%          1
 Inner Flame              Hex/Fire       ####....     2%          3
 Ozocubu's Armour         Ice            ####....     3%          3
 Hailstorm                Conj/Ice       ####....     11%         4
 Summon Ice Beast         Ice/Summ       ####....     12%         4


Dungeon Overview and Level Annotations

Branches:
Dungeon (10/15)            Temple (1/1) D:4             Orc (0/2) D:9
   Lair: D:8-11

Altars:
Cheibriados
Dithmenos
Elyvilon
Fedhas
Gozag
Hepliaklqana
Kikubaaqudgha
Makhleb
Nemelex Xobeh
Okawaru
Qazlal
Ru
Sif Muna
Trog
Vehumet
Wu Jian
Xom
Yredelemnul
Zin
The Shining One

Annotations:
D:5 3 runed translucent doors, Xurdan's ghost, novice HOBe
D:9 need flight for island


Innate Abilities, Weirdness & Mutations

Your experience applies equally to all skills.
You have very sharp teeth.
Your uncanny sense of smell can sniff out nearby items.


Message History

The sticky flame hits the large abomination.
The large abomination is lightly damaged.
The large abomination is covered in liquid flames!
The large abomination burns!
The large abomination closely misses you.
Unknown command.
Casting: Sticky Flame (dangerous; 7% risk of failure)
Confirm with . or Enter, or press ? or * to list all spells.
The walls around you are covered in ice.
The large abomination burns!
The wall freezes the large abomination.
The large abomination hits you!!
* * * LOW HITPOINT WARNING * * *
Unknown command.
Okay, then.
You hit the large abomination but do no damage.
Lightning courses through the large abomination!!
The large abomination is severely damaged.
The large abomination burns!
The wall freezes the large abomination.
The large abomination hits you!!
You die...

#. #
.. .#
#.
##.
#. ..
#. #.
#. .#
#.#X#
∆ #@#
#.#
..#
####


You could see a large abomination (burning).

Vanquished Creatures
  A two-headed ogre (D:8)
  A large abomination (Abyss:1)
  Joseph (D:9)
  An ice statue (D:9)
  6 ice devils (D:9)
  A wyvern (D:9)
  A vampire (D:6)
  A water moccasin (D:7)
  2 orc warriors
  3 ice beasts
  3 phantoms (D:9)
  3 sky beasts
  3 ogres
  3 wolves (D:10)
  2 centaurs
  3 big kobolds
  3 bullfrogs
  A gnoll sergeant (D:9)
  5 scorpions
  3 troll zombies (D:9)
  10 wights
  2 howler monkeys
  A bullfrog zombie (D:7)
  A quasit (D:7)
  4 hounds
  A bullfrog skeleton (D:6)
  A gnoll shaman (D:5)
  3 orc priests
  4 orc wizards
  Terence (D:2)
  5 iguanas
  7 worker ants
  5 ogre zombies (D:9)
  A killer bee zombie (D:9)
  A bullfrog simulacrum (D:10)
  2 hound zombies
  2 hound skeletons
  Robin (D:3)
  10 gnolls
  12 adders
  3 white imps
  8 ufetubi
  2 worms (D:2)
  3 dart slugs
  7 leopard geckos
  25 orcs
  A ball python (D:1)
  15 goblins
  8 hobgoblins
  9 jackals
  20 kobolds
  4 quokkas
  5 bats
  4 frilled lizards
  6 goblin zombies (D:9)
  A hobgoblin zombie (D:9)
  A leopard gecko skeleton (D:6)
  2 leopard gecko zombies (D:7)
  5 orc skeletons (D:9)
  11 orc zombies (D:9)
  5 rats
266 creatures vanquished.

Vanquished Creatures (others)
  721 foxfires
721 creatures vanquished.

Grand Total: 987 creatures vanquished

Notes
Turn   | Place    | Note
-------+----------+-------------------------------------------
     0 | D:1      | robertstho the Gnoll Fire Elementalist began the quest for
                  | the Orb.
     0 | D:1      | Reached XP level 1. HP: 13/13 MP: 6/6
   222 | D:1      | Reached XP level 2. HP: 18/19 MP: 1/7
   998 | D:2      | Found a white marble altar of Elyvilon.
  1115 | D:2      | Reached XP level 3. HP: 15/25 MP: 3/9
  1254 | D:2      | Reached skill level 5 in Spellcasting
  1377 | D:2      | Noticed Terence
  1406 | D:2      | Killed Terence
  1406 | D:2      | Reached skill level 1 in Fighting
  1406 | D:2      | Reached skill level 1 in Short Blades
  1406 | D:2      | Reached skill level 1 in Long Blades
  1406 | D:2      | Reached skill level 1 in Axes
  1406 | D:2      | Reached skill level 1 in Maces & Flails
  1406 | D:2      | Reached skill level 1 in Polearms
  1406 | D:2      | Reached skill level 1 in Staves
  1406 | D:2      | Reached skill level 1 in Slings
  1406 | D:2      | Reached skill level 1 in Bows
  1406 | D:2      | Reached skill level 1 in Crossbows
  1406 | D:2      | Reached skill level 1 in Throwing
  1406 | D:2      | Reached skill level 1 in Armour
  1406 | D:2      | Reached skill level 1 in Shields
  1406 | D:2      | Reached skill level 1 in Unarmed Combat
  1406 | D:2      | Reached skill level 1 in Invocations
  1406 | D:2      | Reached skill level 1 in Evocations
  1406 | D:2      | Reached XP level 4. HP: 32/32 MP: 1/11
  1974 | D:2      | Reached skill level 1 in Hexes
  1974 | D:2      | Reached skill level 1 in Summonings
  1974 | D:2      | Reached skill level 1 in Necromancy
  1974 | D:2      | Reached skill level 1 in Translocations
  1974 | D:2      | Reached skill level 1 in Transmutations
  1974 | D:2      | Reached skill level 1 in Ice Magic
  1974 | D:2      | Reached skill level 1 in Air Magic
  1974 | D:2      | Reached skill level 1 in Earth Magic
  1974 | D:2      | Reached skill level 1 in Poison Magic
  2066 | D:3      | Noticed Robin
  2342 | D:3      | Killed Robin
  2342 | D:3      | Reached XP level 5. HP: 37/37 MP: 5/12
  3091 | D:4      | Learned a level 3 spell: Conjure Flame
  3096 | D:4      | Learned a level 4 spell: Sticky Flame
  3102 | D:4      | Learned a level 5 spell: Fireball
  3195 | D:4      | Found a staircase to the Ecumenical Temple.
  3205 | Temple   | Entered the Ecumenical Temple
  3303 | Temple   | Became a worshipper of Sif Muna the Loreminder
  3410 | D:4      | Reached XP level 6. HP: 34/44 MP: 6/13
  3521 | D:4      | Reached skill level 5 in Dodging
  3814 | D:4      | Found a sparkling altar of Nemelex Xobeh.
  4089 | D:4      | Reached XP level 7. HP: 50/50 MP: 4/15
  4395 | D:5      | Entered Level 5 of the Dungeon
  4395 | D:5      | Found a radiant altar of Vehumet.
  4493 | D:5      | Found a runed translucent gate.
  4493 | D:5      | Found a runed translucent gate.
  4499 | D:5      | Noticed Xurdan's ghost (novice HOBe)
  4738 | D:5      | Found a runed translucent gate.
  4791 | D:5      | Reached * piety under Sif Muna
  5317 | D:6      | Reached skill level 5 in Stealth
  5659 | D:6      | Reached XP level 8. HP: 57/57 MP: 11/16
  5946 | D:6      | Found a hazy altar of Hepliaklqana.
  5947 | D:6      | Found a shimmering altar of Xom.
  5948 | D:6      | Noticed a spectral ugly thing
  6091 | D:6      | Reached skill level 6 in Spellcasting
  6399 | D:6      | Reached ** piety under Sif Muna
  6619 | D:6      | Found a bloodstained altar of Trog.
  6667 | D:7      | Found a shadowy altar of Dithmenos.
  6667 | D:7      | Noticed a vampire
  6696 | D:6      | Killed a vampire
  6851 | D:7      | Reached XP level 9. HP: 59/65 MP: 2/18
  6882 | D:7      | Found a flagged portal.
  8142 | D:6      | Learned a level 3 spell: Frozen Ramparts
  8347 | D:7      | Found a stormy altar of Qazlal.
  8369 | D:7      | Reached skill level 5 in Invocations
  8932 | D:8      | Found an opulent altar of Gozag.
  9343 | D:8      | Found a glowing silver altar of Zin.
  9345 | D:8      | Noticed a two-headed ogre
  9374 | D:8      | Killed a two-headed ogre
  9374 | D:8      | Reached skill level 7 in Spellcasting
  9374 | D:8      | Reached XP level 10. HP: 42/73 MP: 11/20
  9620 | D:9      | Noticed an ice statue
  9627 | D:9      | Reached skill level 5 in Fighting
  9627 | D:9      | Reached skill level 5 in Short Blades
  9627 | D:9      | Reached skill level 5 in Long Blades
  9627 | D:9      | Reached skill level 5 in Axes
  9627 | D:9      | Reached skill level 5 in Maces & Flails
  9627 | D:9      | Reached skill level 5 in Polearms
  9627 | D:9      | Reached skill level 5 in Staves
  9627 | D:9      | Reached skill level 5 in Slings
  9627 | D:9      | Reached skill level 5 in Bows
  9627 | D:9      | Reached skill level 5 in Crossbows
  9627 | D:9      | Reached skill level 5 in Throwing
  9627 | D:9      | Reached skill level 5 in Armour
  9627 | D:9      | Reached skill level 5 in Shields
  9627 | D:9      | Reached skill level 5 in Unarmed Combat
  9627 | D:9      | Reached skill level 5 in Evocations
  9636 | D:9      | Reached *** piety under Sif Muna
 10534 | D:9      | Reached skill level 5 in Conjurations
 11117 | D:9      | Noticed Joseph
 11967 | D:9      | Killed an ice statue
 12127 | D:9      | Reached **** piety under Sif Muna
 12253 | D:9      | Reached XP level 11. HP: 81/81 MP: 19/22
 12298 | D:9      | Found a staircase to the Orcish Mines.
 12504 | D:9      | Killed Joseph
 12605 | D:10     | Entered Level 10 of the Dungeon
 12819 | D:10     | Reached skill level 5 in Hexes
 12819 | D:10     | Reached skill level 5 in Summonings
 12819 | D:10     | Reached skill level 5 in Necromancy
 12819 | D:10     | Reached skill level 5 in Translocations
 12819 | D:10     | Reached skill level 5 in Transmutations
 12819 | D:10     | Reached skill level 5 in Ice Magic
 12819 | D:10     | Reached skill level 5 in Air Magic
 12819 | D:10     | Reached skill level 5 in Earth Magic
 12819 | D:10     | Reached skill level 5 in Poison Magic
 13074 | D:10     | Cast into level 1 of the Abyss (orc warrior)
 13094 | Abyss:1  | Noticed a green death
 13133 | Abyss:1  | Noticed a large abomination
 13140 | Abyss:1  | Killed a large abomination
 13140 | Abyss:1  | Reached skill level 8 in Spellcasting
 13188 | Abyss:1  | Noticed a profane servitor
 13197 | Abyss:1  | Noticed a blizzard demon
 13260 | Abyss:1  | Noticed a large abomination
 13263 | Abyss:1  | Mangled by a large abomination

Illustrated notes

Levels and vault maps discovered:
D:1:      psy_arrival_terrarium, layout_basic, minivault_26
D:2:      layout_basic, elyvilon_altar_3, uniq_terence
D:3:      layout_rooms, due_unseen_surprise, uniq_crazy_yiuf_cottage, uniq_robin
D:4:      layout_loops_ring, minmay_temple_entry_overgrown,
          nemelex_spade_bored_becter
D:5:      layout_loops_cross, basic_altar, gammafunk_ghost_split
D:6:      layout_cave_pools, kennysheep_mini_moat,
          regret_index_temple_of_mockery, serial_column_ruins,
          column_ruins_grid_1, column_ruins_open_tiny, column_ruins_open_tiny,
          column_ruins_columns_water, column_ruins_corridor_straight,
          minmay_unpleasant_kobolds
D:7:      layout_basic, enter_bailey_8, hangedman_feature_mirror,
          palyth_stone_intersect
D:8:      layout_gridville, marbit_many_paths, lemuel_doored_altar
D:9:      cheibrodos_frozen_isle, layout_basic, zombieorc2_lemuel, uniq_joseph
D:10:     minmay_the_grid_triangle_9x9_rhombus_thin_mashed
          [minmay_the_grid_triangle_9x9_impossible_snake,
          minmay_the_grid_triangle_9x9_prize_insulated,
          minmay_the_grid_triangle_9x9_minimal,
          minmay_the_grid_triangle_9x9_odd_lines], layout_loops_corners,
          serial_ice, serial_ice_n, serial_ice_d, serial_ice_f, serial_ice_i
Temple:   regret_index_temple_sphere_string
Abyss:1:  base: D:3, hangedman_abyss_or_decor_stabs, minivault_25

Skill      XL: |  1  2  3  4  5  6  7  8  9 10 11 |
---------------+----------------------------------+-----
Conjurations   | 2 3 4 5 |  5.5
Spellcasting   | 5 6 7 8 |  8.0
Fighting       | 1 2 3 4 5 6 |  6.1
Short Blades   | 1 2 3 4 5 6 |  6.1
Long Blades    | 1 2 3 4 5 6 |  6.1
Axes           | 1 2 3 4 5 6 |  6.1
Maces & Flails | 1 2 3 4 5 6 |  6.1
Polearms       | 1 2 3 4 5 6 |  6.1
Staves         | 1 2 3 4 5 6 |  6.1
Slings         | 1 2 3 4 5 6 |  6.1
Bows           | 1 2 3 4 5 6 |  6.1
Crossbows      | 1 2 3 4 5 6 |  6.1
Throwing       | 1 2 3 4 5 6 |  6.1
Armour         | 1 2 3 4 5 6 |  6.1
Shields        | 1 2 3 4 5 6 |  6.1
Unarmed Combat | 1 2 3 4 5 6 |  6.1
Invocations    | 1 2 3 4 5 6 |  6.7
Evocations     | 1 2 3 4 5 6 |  6.1
Hexes          | 1 2 3 4 5 |  5.0
Summonings     | 1 2 3 4 5 |  5.0
Necromancy     | 1 2 3 4 5 |  5.0
Translocations | 1 2 3 4 5 |  5.0
Transmutations | 1 2 3 4 5 |  5.0
Ice Magic      | 1 2 3 4 5 |  5.0
Air Magic      | 1 2 3 4 5 |  5.0
Earth Magic    | 1 2 3 4 5 |  5.0
Poison Magic   | 1 2 3 4 5 |  5.0
Dodging        | 5 6 7 |  7.7
Stealth        | 5 6 7 |  7.4
Fire Magic     | 6 7 |  7.5

Action                   |  1- 3 |  4- 6 |  7- 9 | 10-12 || total
-------------------------+-------+-------+-------+-------++-------
Melee: Unarmed           |     2 |       |       |       ||     2
       Short sword       |     4 |     3 |       |       ||     7
       Hand axe          |       |     7 |     9 |       ||    16
       Whip              |       |       |    81 |    98 ||   179
       Bite              |       |       |     5 |    11 ||    16
       Punch             |       |       |       |     1 ||     1
 Cast: Foxfire           |    54 |   139 |   189 |    71 ||   453
       Sticky Flame      |       |       |    23 |    17 ||    40
       Fireball          |       |       |     2 |    37 ||    39
       Frozen Ramparts   |       |       |     9 |    15 ||    24
       Conjure Flame     |       |       |     1 |       ||     1
Invok: Channel Magic     |       |       |       |     1 ||     1
  Use: Scroll            |       |       |    15 |     1 ||    16
       Potion            |       |       |     5 |     8 ||    13
 Stab: Sleeping          |       |       |       |     1 ||     1
Armor: Robe              |       |     8 |    21 |    15 ||    44
Dodge: Dodged            |     9 |    40 |   122 |   104 ||   275

Table legend: (Time is in decaauts)
 A = Elapsed time spent in this place.
 B = Non-inter-level travel time spent in this place.
 C = Inter-level travel time spent in this place.
 D = Time resting spent in this place.
 E = Time spent auto-exploring this place.
 F = Levels seen in this place.
 G = Mean time per level.
                   A        B        C        D        E       F      G
               +--------+--------+--------+--------+--------+-----+--------+
         Total |  13225 |  12879 |    346 |   3745 |   7061 |  12 | 1102.1 |
       Dungeon |  12944 |  12611 |    333 |   3649 |   6969 |  10 | 1294.4 |
        Temple |    111 |     98 |     13 |      0 |     92 |   1 |  111.0 |
         Abyss |    169 |    169 |      0 |     96 |      0 |   1 |  169.0 |
               +--------+--------+--------+--------+--------+-----+--------+

Top non-repeatable levels by time:
     D:9: 2187 daAuts
     D:6: 1852 daAuts
     D:8: 1647 daAuts
     D:2: 1624 daAuts
     D:7: 1593 daAuts
     D:4: 1200 daAuts
     D:5: 915 daAuts
     D:3: 776 daAuts
     D:1: 683 daAuts
    D:10: 462 daAuts
 Abyss:1: 169 daAuts
  Temple: 111 daAuts
